 Dungeon Crawl Stone Soup version 0.14-a0-2017-g4a4604d (webtiles) character file.

4124 Mitsuki the Unseen (level 9, -8/39 HPs)
             Began as a Spriggan Enchanter on Jan 18, 2014.
             Killed from afar by a fire giant (10 damage)
             ... with a fireball
             ... on Level 9 of the Dungeon.
             The game lasted 01:03:53 (12299 turns).

Mitsuki the Unseen (Spriggan Enchanter)            Turns: 12299, Time: 01:03:55

HP  -8/39        AC  4     Str  9      XL: 9   Next: 92%
MP  18/22        EV 18     Int 22      God:
Gold 400         SH  0     Dex 16      Spells:  4 memorised,  4 levels left

rFire  . . .     SeeInvis +     a - +2 dagger
rCold  . . .     Clarity  .     b - +1 robe
rNeg   . . .     Conserve .     (shield restricted)
rPois  .         rCorr    .     (helmet restricted)
rElec  .         rRot     .     y - +0 cloak
SustAb . .       Spirit   .     (gloves unavailable)
rMut   .         Warding  .     (boots unavailable)
Saprov . . .     Stasis   .     (no amulet)
MR     +....                    F - +4 ring of intelligence
                                k - cursed +3 ring of strength

@: very quick, somewhat resistant to hostile enchantments, extraordinarily
stealthy
A: unfitting armour, see invisible, herbivore 3, speed 3, slow metabolism 2
a: no special abilities


You were on level 9 of the Dungeon.
You were not hungry.

You visited 2 branches of the dungeon, and saw 10 of its levels.
You also visited: Sewer.

You collected 458 gold pieces.
You spent 58 gold pieces at shops.

Inventory:

Hand weapons
 a - a +2,+2 dagger (weapon)
Armour
 b - a +1 robe (worn)
 t - a +0 buckler
 y - a +0 cloak (worn)
Comestibles
 f - 6 bread rations
 A - a pear
Scrolls
 e - 3 scrolls of teleportation
 h - 3 scrolls of identify
 j - 3 scrolls of remove curse
 l - 2 scrolls of fog
 r - a scroll of magic mapping
 D - a scroll of blinking
 G - 2 scrolls of enchant weapon I
Jewellery
 k - a cursed +3 ring of strength (left hand)
 n - a +1 ring of dexterity
 o - a cursed ring of protection from fire
 q - an uncursed ring of protection from cold
 z - an uncursed amulet of resist corrosion
 F - a +4 ring of intelligence (right hand)
Potions
 d - a potion of might
 i - 4 potions of flight
 m - a potion of restore abilities
 u - 3 potions of curing
 x - 2 potions of heal wounds
 C - a potion of beneficial mutation
 E - a potion of resistance
Books
 c - a book of Maledictions

   Spells                             Type                      Level
   *Corona                            Hexes                        1
   Sure Blade                         Hexes/Charms                 2
   *Ensorcelled Hibernation           Hexes/Ice                    2
   *Confuse                           Hexes                        3
   Enslavement                        Hexes                        4
   Invisibility                       Hexes                        6


   Skills:
 - Level 1.1 Short Blades
 - Level 1.1 Throwing
 - Level 3.0 Dodging
 + Level 18.4 Stealth
   Level 0.1 Shields
 - Level 2.6 Spellcasting
 - Level 8.0 Hexes


You had 4 spell levels left.
You knew the following spells:

 Your Spells              Type           Power        Failure   Level  Hunger
a - Corona                Hex            #####..      1%          1    None
b - Ensorcelled Hibernat  Hex/Ice        ###...       4%          2    ##.....
c - Confuse               Hex            #####...     1%          3    ###....
d - Flight                Chrm/Air       #.........   38%         3    ###....


Dungeon Overview and Level Annotations

Branches:
Dungeon (9/16)             Temple (1/1) D:5
    Orc: D:9-12        Lair: D:8-11

Altars:
Ashenzari
Cheibriados
Elyvilon
Fedhas
Kikubaaqudgha
Makhleb
Nemelex Xobeh
Okawaru
Sif Muna
Trog
Vehumet
Xom
Yredelemnul
Zin

Shops:
D:5 *

Annotations:
D:8 mathso's ghost, experienced DjDK
D:9 Dowan; Duvessa


Innate Abilities, Weirdness & Mutations

You are tiny and cannot use many weapons and most armour.
You have supernaturally acute eyesight.
You are a herbivore.
You cover ground extremely quickly.
You need consume almost no food.


Message History

The fireball explodes!
The fireball engulfs you!
One of your 4 scrolls of teleportation catches fire!
One of your 3 scrolls of enchant weapon I catches fire!
Ouch! That really hurt!
* * * LOW HITPOINT WARNING * * *
Casting: Ensorcelled Hibernation
Confirm with . or Enter, or press ? or * to list all spells.
Aiming: Ensorcelled Hibernation
Press: ? - help, Shift-Dir - straight line, f/p - fire giant
Aim: a fire giant, wielding a great sword of flaming (severely wounded)
The fire giant resists with almost no effort.
A giant mite comes into view.
The adder barely misses you.
The fire giant gestures at you while chanting.
The fireball explodes!
The fireball engulfs the adder.
The adder dies!
The fireball engulfs the big kobold.
The big kobold dies!
The fireball engulfs you!
You die...

....#### #.######
#....#.####...'....
##..#.......# ###
.......####.####.#
.......# #..[##.#
.......## #......#####...
........###..............
..........######.#####.##
......#...)#. #@#.?.#
......##..##..s#%#...#
......#..###.s.).C...+
....)..(...###########
........(.()(#
.....<.<..(###
.....##..### ......####
.......


You could see a fire giant.

Vanquished Creatures
  The ghost of temujin the Cloud Mage, an experienced HEAE (D:5)
  3 hippogriffs (D:7)
  The ghost of mathso the Traitor, an average DjDK of Yredelemnul (D:3)
  3 ogres
  3 orc warriors
  2 ice beasts
  A centaur (D:7)
  4 giant frogs
  4 killer bees (D:7)
  A yak skeleton (D:8)
  8 wights
  A quasit (D:6)
  A goliath beetle (D:7)
  A big fish (D:4)
  4 hounds
  5 orc priests
  A giant frog zombie (D:9)
  3 worker ants
  5 orc wizards
  An iguana (D:5)
  5 scorpions
  A mermaid (Sewer)
  A mummy (D:7)
  8 adders
  4 giant mites
  A giant centipede (D:8)
  2 green rats (Sewer)
  2 worms
  An adder skeleton (D:5)
  A giant centipede zombie (D:7)
  2 giant eyeballs
  An iguana skeleton (D:6)
  5 giant geckos
  3 oozes
  18 orcs
  A bat zombie (D:6)
  4 giant cockroaches
  12 goblins
  9 grey rats
  20 hobgoblins
  6 jackals
  3 quokkas
  9 ball pythons
  12 bats
  6 giant newts
  A hobgoblin skeleton (D:4)
  2 hobgoblin zombies
  A jackal skeleton (D:4)
  18 kobolds
  37 rats
  6 ballistomycetes (D:6)
255 creatures vanquished.

Vanquished Creatures (others)
  A big kobold (D:9)
  An adder (D:9)
  A quokka (D:8)
  5 giant spores
8 creatures vanquished.

Grand Total: 263 creatures vanquished

Notes
Turn   | Place    | Note
--------------------------------------------------------------
     0 | D:1      | Mitsuki, the Spriggan Enchanter, began the quest for the Orb.
     0 | D:1      | Reached XP level 1. HP: 9/9 MP: 4/4
    74 | D:1      | Reached skill level 4 in Stealth
    74 | D:1      | Reached XP level 2. HP: 4/13 MP: 7/7
   634 | D:1      | Learned a level 2 spell: Ensorcelled Hibernation
   992 | D:2      | You fall through a shaft!
  1055 | D:4      | Reached skill level 6 in Stealth
  1055 | D:4      | Reached XP level 3. HP: 14/16 MP: 6/9
  1571 | D:4      | Found an ancient bone altar of Kikubaaqudgha.
  1597 | D:4      | Reached XP level 4. HP: 18/21 MP: 10/12
  1626 | D:4      | Found a sparkling altar of Nemelex Xobeh.
  1741 | D:4      | Noticed an ogre
  1924 | D:4      | Found a glowing drain.
  1935 | Sewer    | Entered a sewer
  2064 | Sewer    | Reached skill level 7 in Stealth
  2209 | Sewer    | Reached XP level 5. HP: 22/24 MP: 5/14
  2534 | Sewer    | Reached skill level 8 in Stealth
  3985 | D:2      | Reached XP level 6. HP: 28/28 MP: 17/17
  3989 | D:2      | Reached skill level 5 in Hexes
  4485 | D:2      | Reached skill level 9 in Stealth
  4860 | D:3      | Noticed mathso's ghost (average DjDK)
  4891 | D:3      | Killed mathso's ghost
  4891 | D:3      | Reached skill level 10 in Stealth
  4899 | D:3      | Learned a level 3 spell: Confuse
  5197 | D:4      | Killed an ogre
  5197 | D:4      | Reached XP level 7. HP: 32/32 MP: 17/19
  5354 | D:5      | Entered Level 5 of the Dungeon
  5371 | D:5      | Reached skill level 11 in Stealth
  5628 | D:5      | Found Sebraywu's Assorted Antiques.
  5637 | D:5      | Bought an emulsified cyan potion for 18 gold pieces
  5637 | D:5      | Bought a scroll labeled LAXYTHR YMITH for 20 gold pieces
  5637 | D:5      | Bought a scroll labeled NIUPYM CLACLEWASIU for 20 gold pieces
  5684 | D:5      | Found a shimmering altar of Xom.
  5691 | D:5      | Noticed temujin's ghost (experienced HEAE)
  5725 | D:5      | Killed temujin's ghost
  5725 | D:5      | Reached skill level 12 in Stealth
  5725 | D:5      | Reached XP level 8. HP: 36/36 MP: 13/20
  6094 | D:5      | Found a staircase to the Ecumenical Temple.
  6112 | D:5      | Reached skill level 13 in Stealth
  6187 | Temple   | Entered the Ecumenical Temple
  6322 | D:5      | Found a radiant altar of Vehumet.
  7098 | D:6      | Reached skill level 14 in Stealth
  7848 | D:7      | Reached skill level 15 in Stealth
  7962 | D:7      | Reached XP level 9. HP: 39/39 MP: 22/22
  8145 | D:7      | Found a deep blue altar of Sif Muna.
  8434 | D:7      | Reached skill level 16 in Stealth
  9120 | D:8      | Found an iron altar of Okawaru.
  9143 | D:8      | Reached skill level 17 in Stealth
  9798 | D:8      | Noticed mathso's ghost (experienced DjDK)
 10732 | D:8      | Reached skill level 18 in Stealth
 11187 | D:8      | Found a white marble altar of Elyvilon.
 11213 | D:8      | Learned a level 3 spell: Flight
 11393 | D:9      | Noticed Duvessa
 11393 | D:9      | Noticed Dowan
 12037 | D:7      | Paralysed by a potion of paralysis for 5 turns
 12291 | D:9      | Noticed a fire giant
 12299 | D:9      | Killed from afar by a fire giant

Action                   |  1- 3 |  4- 6 |  7- 9 || total
-------------------------+-------+-------+-------++-------
Melee: Dagger            |   108 |   225 |   297 ||   630
Throw: Dart              |       |    12 |       ||    12
 Cast: Ensorcelled Hiber |     9 |    73 |   116 ||   198
       Corona            |       |     1 |       ||     1
       Confuse           |       |       |    57 ||    57
Evoke: Wand              |       |     6 |     1 ||     7
  Use: Scroll            |     3 |     6 |    15 ||    24
       Potion            |     1 |     1 |     9 ||    11
 Stab: Sleeping          |    10 |    89 |    91 ||   190
       Confused          |       |     2 |    17 ||    19
       Distracted        |       |     1 |     4 ||     5
